 Dungeon Crawl Stone Soup version 0.22-a0-142-g91cc6d7 (webtiles) character file.

3703 varam the Cleaver (level 10, -17/81 HPs)
             Began as a Hill Orc Fighter on Feb 5, 2018.
             Was a Priest of Makhleb.
             Demolished by a two-headed ogre
             ... wielding a +0 giant club
              (21 damage)
             ... on level 8 of the Dungeon.
             The game lasted 00:15:09 (6949 turns).

varam the Cleaver (Hill Orc Fighter)                Turns: 6949, Time: 00:15:10

Health: -17/81     AC:  9    Str: 20    XL:     10   Next: 14%
Magic:  15/15      EV: 13    Int: 11    God:    Makhleb [***...]
Gold:   433        SH: 16    Dex: 15    Spells: 9/9 levels left

rFire    . . .     SeeInvis .   i - +5 war axe
rCold    . . .     Gourm    .   c - +0 shield
rNeg     . . .     Faith    .   b - +0 scale mail
rPois    .         Spirit   .   p - +1 helmet
rElec    .         Reflect  +   y - scarf {repulsion}
rCorr    .         Harm     .   (no gloves)
MR       .....                  (no boots)
Stlth    +.........             e - +5 amulet of reflection
HPRegen  0.23/turn              D - ring of flight
MPRegen  0.14/turn              (no ring)

@: agile, repel missiles
A: no striking features
a: Minor Destruction, Lesser Servant of Makhleb, Renounce Religion, Evoke Flight


You were on level 8 of the Dungeon.
You worshipped Makhleb.
Makhleb was most pleased with you.
You were not hungry.

You visited 2 branches of the dungeon, and saw 9 of its levels.

You collected 529 gold pieces.
You spent 96 gold pieces at shops.

Inventory:

Hand Weapons
 i - a +5 war axe (weapon)
 J - a +4 morningstar of freezing
Missiles
 K - a throwing net (quivered)
Armour
 b - a +0 scale mail (worn)
 c - a +0 shield (worn)
 p - a +1 helmet (worn)
 y - a scarf of repulsion (worn)
Jewellery
 e - a +5 amulet of reflection (around neck)
 B - an uncursed amulet of magic regeneration
 D - a ring of flight (left hand)
Wands
 A - a wand of disintegration (2)
 C - a wand of polymorph (8)
 H - a wand of scattershot (7)
 I - a wand of paralysis (21)
Scrolls
 a - a scroll of summoning
 g - 5 scrolls of enchant weapon
 h - 2 scrolls of teleportation
 l - 4 scrolls of fear
 m - a scroll of noise
 o - a scroll of remove curse
 u - 3 scrolls of fog
 v - 2 scrolls of immolation
 w - 2 scrolls of enchant armour
 E - 2 scrolls of blinking
 G - a scroll of magic mapping {unknown}
 L - a scroll of identify
Potions
 j - a potion of lignification {unknown}
 k - a potion of agility
 n - a potion of brilliance {unknown}
 q - a potion of mutation {unknown}
 r - a potion of resistance
 s - 3 potions of curing {unknown}
 t - a potion of heal wounds
 z - a potion of haste
 F - a potion of might
Books
 x - a book of Misfortune

   Spells                             Type                      Level
   a - Confusing Touch                Hexes                        1
   b - Confuse                        Hexes                        3
   c - Gell's Gravitas                Translocation                3
   d - Petrify                        Transmutation/Earth          4
   e - Metabolic Englaciation         Hexes/Ice                    5
   f - Yara's Violent Unravelling     Hexes/Transmutation          5
Comestibles
 d - 3 chunks of flesh
 f - 15 rations


   Skills:
 - Level 5.0 Fighting
 * Level 12.8 Axes
 - Level 4.5 Armour
 + Level 8.7 Shields
 + Level 7.6 Invocations


You had 9 spell levels left.
You didn't know any spells.

Dungeon Overview and Level Annotations

Branches:
Dungeon (8/15)             Temple (1/1) D:4
   Lair: D:8-11

Altars:
Ashenzari
Cheibriados
Dithmenos
Fedhas
Gozag
Hepliaklqana
Kikubaaqudgha
Makhleb
Okawaru
Qazlal
Ru
Sif Muna
Trog
Uskayaw
Xom
Zin
The Shining One

Shops:
D:4 }   D:5 [   D:6 ?   D:7 [


Message History

The two-headed ogre is moderately wounded.
You block the gnoll's attack.
The two-headed ogre completely misses you.
You block the two-headed ogre's attack.
You hit the two-headed ogre.
The two-headed ogre is moderately wounded.
The gnoll misses you.
You slash the two-headed ogre!
The two-headed ogre is heavily wounded.
You block the gnoll's attack.
The two-headed ogre hits you but does no damage.
The two-headed ogre barely misses you.
You hit the two-headed ogre.
The two-headed ogre is heavily wounded.
You block the gnoll's attack. You block the two-headed ogre's attack.
The two-headed ogre hits you with a giant spiked club!!
* * * LOW HITPOINT WARNING * * *
A demon appears!
The gnoll completely misses you.
The two-headed ogre hits you with a giant club!!
You die...

#..... #....
#.[.. ... .g.
##### #g#
##...## #3#
#####.###.# #@#
#.....# #.# #O#
#<###.###.# #.#
#.#
##...#####.###.#
#.#
##..รท.........#
..#
########.......#
..# ...).....
.... ......#%#
.... ###.###.##


You could see a two-headed ogre, 2 gnolls and a friendly ynoxinul.

Vanquished Creatures
  A yak (D:6)
  Menkaure (D:5)
  Duvessa (D:7)
  2 ice beasts
  3 orc warriors (D:6)
  A phantom (D:7)
  A centaur (D:7)
  2 ogres (D:6)
  Blork the orc (D:5)
  8 big kobolds
  A bullfrog (D:6)
  A scorpion (D:5)
  A water moccasin skeleton (D:4)
  Dowan (D:7)
  6 wights (D:6)
  A howler monkey (D:4)
  3 crimson imps
  The ghost of crawlian the Firebug, a weakling DEFE (D:3)
  5 hounds
  A jelly (D:5)
  5 orc priests (D:6)
  2 orc wizards
  3 iguanas
  Natasha (twice) (D:3)
  6 worker ants
  2 howler monkey skeletons
  5 gnolls
  7 adders
  6 oozes
  2 adder zombies (D:7)
  3 worms
  A dart slug (D:1)
  7 leopard geckos
  25 orcs
  4 giant cockroaches
  8 goblins
  11 hobgoblins
  2 jackals (D:2)
  5 quokkas
  A ball python (D:7)
  8 bats
  6 frilled lizards
  67 kobolds
  9 rats
239 creatures vanquished.

Vanquished Creatures (collateral kills)
  A phantom (D:6)
  An ogre (D:6)
  A scorpion (D:6)
  A wight (D:6)
  An adder skeleton (D:6)
  A worm (D:6)
6 creatures vanquished.

Vanquished Creatures (others)
  2 centaurs
2 creatures vanquished.

Grand Total: 247 creatures vanquished

Notes
Turn   | Place    | Note
-------+----------+-------------------------------------------
     0 | D:1      | varam the Hill Orc Fighter began the quest for the Orb.
     0 | D:1      | Reached XP level 1. HP: 19/19 MP: 1/1
    96 | D:1      | Reached XP level 2. HP: 27/27 MP: 2/2
   145 | D:1      | Reached skill level 3 in Axes
   164 | D:1      | Reached skill level 4 in Fighting
   252 | D:1      | Reached XP level 3. HP: 32/33 MP: 3/3
   632 | D:2      | Reached XP level 4. HP: 24/41 MP: 4/4
   729 | D:2      | Reached skill level 4 in Armour
  1183 | D:2      | Reached skill level 4 in Shields
  1479 | D:3      | Found a faded altar of an unknown god.
  1628 | D:3      | Found a sacrificial altar of Ru.
  1719 | D:3      | Reached XP level 5. HP: 37/47 MP: 5/5
  1732 | D:3      | Reached skill level 4 in Axes
  1846 | D:3      | Noticed Natasha
  1861 | D:3      | Killed Natasha
  2061 | D:3      | Noticed Natasha
  2069 | D:3      | Killed Natasha
  2085 | D:3      | Noticed crawlian's ghost (weakling DEFE)
  2162 | D:3      | Killed crawlian's ghost
  2162 | D:3      | Reached skill level 5 in Fighting
  2298 | D:4      | Reached XP level 6. HP: 52/56 MP: 6/6
  2299 | D:4      | Found a staircase to the Ecumenical Temple.
  2318 | Temple   | Entered the Ecumenical Temple
  2340 | Temple   | Became a worshipper of Makhleb the Destroyer
  2358 | D:4      | Reached skill level 5 in Axes
  2405 | D:4      | Found an iron altar of Okawaru.
  2436 | D:4      | Found a stormy altar of Qazlal.
  2436 | D:4      | Noticed a water elemental
  2437 | D:4      | Noticed an air elemental
  2437 | D:4      | Noticed a fire elemental
  2719 | D:4      | Reached skill level 5 in Shields
  2736 | D:4      | Reached skill level 6 in Axes
  2755 | D:4      | Found Daonenaj's Gadget Emporium.
  2768 | D:4      | Reached XP level 7. HP: 52/61 MP: 7/7
  2972 | D:4      | Reached skill level 7 in Axes
  3288 | D:5      | Entered Level 5 of the Dungeon
  3438 | D:5      | Noticed Menkaure
  3472 | D:5      | Killed Menkaure
  3472 | D:5      | Reached skill level 8 in Axes
  3472 | D:5      | Reached skill level 6 in Shields
  3472 | D:5      | Reached skill level 1 in Invocations
  3508 | D:5      | Reached skill level 2 in Invocations
  3508 | D:5      | Reached XP level 8. HP: 43/68 MP: 9/9
  3588 | D:5      | Noticed Blork the orc
  3599 | D:5      | Killed Blork the orc
  3659 | D:5      | Found Abophim's Antique Armour Shoppe.
  3912 | D:5      | Reached * piety under Makhleb
  3920 | D:5      | Reached skill level 3 in Invocations
  4183 | D:5      | Reached skill level 9 in Axes
  4288 | D:5      | Reached skill level 4 in Invocations
  4380 | D:5      | Reached ** piety under Makhleb
  4438 | D:5      | Reached skill level 10 in Axes
  4438 | D:5      | Reached skill level 7 in Shields
  4688 | D:6      | Reached XP level 9. HP: 29/74 MP: 12/12
  4969 | D:6      | HP: 2/74 [orc priest/divine providence (11)]
  4973 | D:6      | Reached skill level 5 in Invocations
  5767 | D:6      | Reached skill level 11 in Axes
  5782 | D:6      | Reached *** piety under Makhleb
  5848 | D:6      | Reached skill level 6 in Invocations
  6018 | D:6      | Reached skill level 8 in Shields
  6161 | D:6      | Reached skill level 12 in Axes
  6191 | D:6      | Found Yrioqeyxt's Magic Scroll Boutique.
  6197 | D:6      | Bought a scroll of identify for 24 gold pieces
  6197 | D:6      | Bought a scroll of identify for 24 gold pieces
  6197 | D:6      | Bought a scroll of identify for 24 gold pieces
  6197 | D:6      | Bought a scroll of identify for 24 gold pieces
  6334 | D:7      | Noticed Duvessa
  6335 | D:7      | Noticed Dowan
  6340 | D:7      | Killed Dowan
  6350 | D:7      | Killed Duvessa
  6350 | D:7      | Reached skill level 7 in Invocations
  6361 | D:7      | Reached XP level 10. HP: 74/81 MP: 15/15
  6711 | D:7      | Found Caotoog's Armour Boutique.
  6939 | D:8      | Noticed a two-headed ogre
  6948 | D:8      | HP: 8/81 [two-headed ogre/giant club (24)]
  6949 | D:8      | Demolished by a two-headed ogre

Vault maps used:
D:1:      mrwooster_arrival_statue_2, st_stairs_11
D:3:      chequers_ecumenical_altar_simple, nicolae_ru_the_path_less_chosen,
          uniq_natasha
D:4:      cheibrodos_thug_alley, okawaru_gym_becter, minmay_temple_entry_mist,
          serial_shops, nicolae_shop_temple_entry_statues_fountains,
          nicolae_qazlal_style_of_elements
D:5:      minmay_goblin_kobold_castle, serial_shops, shop, first_ration,
          hangedman_abyss_or_decor_stabs, uniq_menkaure, uniq_blork_the_orc
D:6:      minmay_opposing_rooms, serial_shops, shop
D:7:      serial_shops, shop_fountains, uniq_duvessa
D:8:      grunt_livestock, minmay_evil_grid, uniq_maurice
Temple:   dpeg_three_leaves_temple

Skill      XL: |  1  2  3  4  5  6  7  8  9 |
---------------+----------------------------+-----
Axes           | 3 4 6 8 10 12 | 12.8
Fighting       | 4 5 |  5.0
Armour         | 4 |  4.5
Shields        | 4 5 6 7 8 |  8.7
Invocations    | 2 4 7 |  7.6

Action                   |  1- 3 |  4- 6 |  7- 9 | 10-12 || total
-------------------------+-------+-------+-------+-------++-------
Melee: War axe           |   118 |   198 |   410 |    66 ||   792
       Morningstar       |       |       |    10 |       ||    10
Invok: Lesser Servant of |       |       |     2 |     1 ||     3
Evoke: Wand              |       |       |     8 |       ||     8
  Use: Potion            |       |       |     2 |     1 ||     3
       Scroll            |       |       |    14 |       ||    14
  Eat: Chunk             |       |     7 |    12 |     2 ||    21
Armor: Scale mail        |    34 |    56 |   104 |    11 ||   205
Dodge: Dodged            |    23 |    41 |    76 |    19 ||   159
       Deflected         |       |       |     2 |       ||     2
Block: Shield            |    94 |   149 |   311 |    45 ||   599
       Reflection        |     1 |    11 |    23 |       ||    35

Table legend:
 A = Spawn XP
 B = Non-spawn XP
 C = Spawn XP percentage of total XP
 D = Spawn monster count
 E = Non-spawn monster count
 F = Spawn count percentage of total count
 G = Total turns spent on level
                    A         B        C        D         E        F      G
               +---------+---------+-------+---------+---------+-------+---------
         Total |       0 |    5291 |   0.0 |       0 |     247 |   0.0 |  6949
               +---------+---------+-------+---------+---------+-------+---------
           D:1 |       0 |      55 |   0.0 |       0 |      27 |   0.0 |   543
           D:2 |       0 |      70 |   0.0 |       0 |      24 |   0.0 |   907
           D:3 |       0 |     184 |   0.0 |       0 |      28 |   0.0 |   810
           D:4 |       0 |     599 |   0.0 |       0 |      30 |   0.0 |  1014
           D:5 |       0 |    1353 |   0.0 |       0 |      69 |   0.0 |  1347
           D:6 |       0 |    2096 |   0.0 |       0 |      51 |   0.0 |  1632
           D:7 |       0 |     865 |   0.0 |       0 |      15 |   0.0 |   622
           D:8 |       0 |      69 |   0.0 |       0 |       3 |   0.0 |    39
               +---------+---------+-------+---------+---------+-------+---------
